 Dungeon Crawl Stone Soup version 0.22-a0-419-g492bfec (webtiles) character file.

2744 dstrtnsr the Grappler (level 9, -3/89 HPs)
             Began as a Troll Fighter on May 15, 2018.
             Was an Initiate of Ru.
             Slain by a hippogriff (9 damage)
             ... on level 6 of the Dungeon.
             The game lasted 00:04:42 (2847 turns).

dstrtnsr the Grappler (Troll Fighter)               Turns: 2847, Time: 00:04:43

Health: -3/89      AC:  7    Str: 29    XL:     9   Next: 41%
Magic:  8/8        EV:  8    Int:  4    God:    Ru [......]
Gold:   231        SH: 10    Dex:  9    Spells: 8/8 levels left

rFire    . . .     SeeInvis .     - Unarmed
rCold    . . .     Gourm    +   b - +0 shield
rNeg     . . .     Faith    .   a - +0 robe
rPois    .         Spirit   .   (helmet restricted)
rElec    .         Reflect  .   q - +1 cloak
rCorr    .         Harm     .   (gloves unavailable)
MR       .....                  (boots unavailable)
Stlth    +.........             (no amulet)
HPRegen  0.64/turn              (no ring)
MPRegen  0.11/turn              (no ring)

@: heavily drained
A: large, unfitting armour, claws 3, fast metabolism 3, gourmand, regeneration
1, shaggy fur 1, tough skin 2
a: Sacrifice Experience, Sacrifice Words, Sacrifice Purity, Reject Sacrifices,
Renounce Religion


You were on level 6 of the Dungeon.
You worshipped Ru.
Ru was noncommittal.
You were very full.

You visited 1 branch of the dungeon, and saw 7 of its levels.

You collected 231 gold pieces.

Inventory:

Armour
 a - a +0 robe (worn)
 b - a +0 shield (worn)
 q - a +1 cloak (worn)
Jewellery
 j - an uncursed ring of protection from cold {unknown}
 k - a +3 ring of slaying {unknown}
 s - a cursed -3 ring of protection {unknown}
 v - an uncursed ring of see invisible {unknown}
 w - a +2 amulet of reflection {unknown}
Wands
 I - a wand of iceblast (4)
Scrolls
 d - a scroll of magic mapping {unknown}
 f - a scroll of enchant armour
 h - a scroll of immolation
 i - a scroll of enchant weapon {unknown}
 o - 2 scrolls of remove curse {@r2}
 p - 2 scrolls of teleportation {!d}
 r - a scroll of amnesia {unknown}
 u - a scroll of blinking {unknown}
Potions
 c - 2 potions of lignification {unknown}
 g - 3 potions of curing {@q1}
 l - 3 potions of degeneration
 n - 2 potions of brilliance {unknown}
 t - 3 potions of invisibility {unknown}
Comestibles
 e - 9 rations {!d}


   Skills:
 + Level 5.9(4.4) Fighting
 - Level 2.4(1.0) Dodging
 + Level 5.9(4.4) Shields
 * Level 9.4(7.8) Unarmed Combat


You had 8 spell levels left.
You didn't know any spells.
Your spell library was empty.

Dungeon Overview and Level Annotations

Branches:
Dungeon (7/15)
 Temple: D:4-7

Altars:
Cheibriados
Makhleb
Qazlal
Ru
Sif Muna

Portals:
Sewer: D:5


Innate Abilities, Weirdness & Mutations

You are too large for most types of armour.
You have claws for hands.
Your metabolism is lightning-fast.
You like to eat raw meat.
Your natural rate of healing is unusually fast.
You are covered in fur. (AC +1)
You have very tough skin. (AC +2)


Message History

The wight hits you with a flail!
You feel drained.
Things that are here:
an enchanted great sword; a robe Unknown command.
You block the wight's attack. The bullfrog hits you.
You see here a wand of flame (29).
The bullfrog hits you.
The bullfrog hits you but does no damage.
Found a scroll of remove curse.
Found 7 gold pieces.
You block the bullfrog's attack. You block the bullfrog's attack.
You block the bullfrog's attack.
Found a leather armour.
Found a chain mail.
You block the bullfrog's attack. The bullfrog hits you.
The bullfrog barely misses you. The bullfrog closely misses you.
The bullfrog closely misses you. The bullfrog hits you!
You block the wight's attack. The bullfrog completely misses you.
The bullfrog hits you.
Found a scroll of teleportation.
The bullfrog hits you but does no damage.
The bullfrog hits you but does no damage.
You block the bullfrog's attack.
Found a stone staircase leading up.
A hippogriff comes into view.
The hippogriff screeches!
The bullfrog hits you.
Found a ring mail.
Found 7 gold pieces.
You block the bullfrog's attack.
You see here a blackened peridot ring.
The bullfrog hits you. The bullfrog hits you. The bullfrog hits you.
The bullfrog closely misses you. The bullfrog barely misses you.
The bullfrog hits you but does no damage.
The bullfrog hits you but does no damage.
The bullfrog hits you. You block the bullfrog's attack.
The bullfrog barely misses you. You block the bullfrog's attack.
The bullfrog closely misses you.
There is a stone staircase leading up here.
You block the bullfrog's attack.
You climb upwards.
There is a stone staircase leading down here.
The bullfrog barely misses you. You block the hippogriff's attack.
The hippogriff pecks you but does no damage.
The hippogriff claws you but does no damage.
The bullfrog hits you.
You climb downwards.
The wight hits you with a halberd.
There is a stone staircase leading up here.
Unknown command.
Unknown command.
You block the hippogriff's attack. The hippogriff pecks you.
The hippogriff claws you but does no damage.
The wight barely misses you. The bullfrog hits you!
* * * LOW HITPOINT WARNING * * *
The wight hits you but does no damage.
You climb upwards.
There is a stone staircase leading down here.
Unknown command.
You are too injured to fight recklessly!
You are too injured to fight recklessly!
You feel much better. The hippogriff bites you!
You block the hippogriff's attack. The hippogriff closely misses you.
The wight hits you but does no damage. The wight barely misses you.
Unknown command.
You closely miss the wight. The hippogriff bites you!
You block the hippogriff's attack. x2; The wight hits you with a halberd!
* * * LOW HITPOINT WARNING * * *
The wight hits you with a dagger of protection.
* * * LOW HITPOINT WARNING * * *
You scratch the hippogriff.
The hippogriff is lightly wounded.
The hippogriff bites you!
* * * LOW HITPOINT WARNING * * *
You block the hippogriff's attack. x2; You block the wight's attack.
The wight barely misses you.
You are too injured to fight recklessly!
You are too injured to fight recklessly!
You are too injured to fight recklessly!
You mangle the wight!!
You destroy the wight!
You block the hippogriff's attack.
The hippogriff pecks you but does no damage.
The hippogriff claws you.
* * * LOW HITPOINT WARNING * * *
You block the hippogriff's attack. The hippogriff closely misses you.
The hippogriff claws you but does no damage.
You block the wight's attack.
Things that are here:
a halberd; a robe You block the hippogriff's attack.
The hippogriff pecks you!
You die...

..#..##..##.##.#.#
######.##..##†##.#
.........)[.##.##.#
########.#.###....#
.######.#.# ######
........#.#
.#####..#.# #
#.)..# # #.#@.# #
#.#)H# # #.##z# #
#. #F# # #. #.# #
.. #.# ## #.# #.
#.# #. #.# #.


You could see a hippogriff, a bullfrog and a wight.

Vanquished Creatures
  A two-headed ogre (D:5)
  Pikel (D:6)
  Duvessa (D:6)
  An orc warrior (D:6)
  A sky beast (D:5)
  An ogre (D:4)
  A centaur (D:6)
  A phantom (D:4)
  3 bullfrogs
  Dowan (D:6)
  2 scorpions (D:6)
  3 wights
  2 howler monkeys (D:6)
  3 crimson imps
  A centaur skeleton (D:6)
  2 hounds
  2 orc priests (D:6)
  3 orc wizards
  An iguana (D:6)
  4 worker ants
  A worker ant zombie (D:5)
  2 adders
  An adder skeleton (D:4)
  3 worms
  2 dart slugs
  2 leopard geckos
  5 orcs
  2 giant cockroaches (D:5)
  2 goblins
  4 hobgoblins
  3 jackals (D:6)
  4 kobolds
  A ball python (D:5)
  7 bats
  2 frilled lizards
  A giant cockroach zombie (D:5)
  A jackal zombie (D:6)
  A quokka zombie (D:5)
  2 rats (D:1)
81 creatures vanquished.

Notes
Turn   | Place    | Note
-------+----------+-------------------------------------------
     0 | D:1      | dstrtnsr the Troll Fighter began the quest for the Orb.
     0 | D:1      | Reached XP level 1. HP: 22/22 MP: 0/0
   247 | D:1      | Reached XP level 2. HP: 29/29 MP: 1/1
   545 | D:2      | Found a deep blue altar of Sif Muna.
   579 | D:2      | Reached XP level 3. HP: 36/36 MP: 2/2
   585 | D:2      | Noticed a bullfrog
   592 | D:2      | Killed a bullfrog
   592 | D:2      | Reached skill level 3 in Unarmed Combat
   592 | D:2      | Reached XP level 4. HP: 36/45 MP: 3/3
   795 | D:4      | Found a snail-covered altar of Cheibriados.
   842 | D:4      | Noticed an ogre
   849 | D:4      | HP: 17/45 [ogre/giant club (9)]
   854 | D:4      | HP: 15/45 [ogre/giant club (5)]
   856 | D:4      | Killed an ogre
   856 | D:4      | Reached skill level 4 in Unarmed Combat
   856 | D:4      | Reached XP level 5. HP: 18/53 MP: 4/4
  1064 | D:4      | Found a stormy altar of Qazlal.
  1068 | D:4      | Found a sacrificial altar of Ru.
  1156 | D:4      | Reached XP level 6. HP: 53/61 MP: 5/5
  1173 | D:4      | Became a worshipper of Ru the Awakened
  1252 | D:4      | Reached skill level 5 in Unarmed Combat
  1314 | D:5      | Entered Level 5 of the Dungeon
  1485 | D:5      | Noticed a sky beast
  1491 | D:5      | Killed a sky beast
  1491 | D:5      | Reached XP level 7. HP: 60/68 MP: 6/6
  1653 | D:5      | Noticed a two-headed ogre
  1662 | D:5      | HP: 16/68 [two-headed ogre/giant club (16)]
  1665 | D:5      | Killed a two-headed ogre
  1665 | D:5      | Reached skill level 7 in Unarmed Combat
  1665 | D:5      | Reached XP level 8. HP: 20/79 MP: 7/7
  1673 | D:5      | Found a sacrificial altar of Ru.
  1676 | D:5      | HP: 27/79 [bat (1)]
  1813 | D:5      | Found a glowing drain.
  2066 | D:6      | Reached skill level 5 in Fighting
  2066 | D:6      | Reached skill level 5 in Shields
  2071 | D:6      | Reached skill level 8 in Unarmed Combat
  2106 | D:6      | Found a stormy altar of Qazlal.
  2164 | D:6      | Found a burning altar of Makhleb.
  2345 | D:6      | Noticed Pikel
  2360 | D:6      | HP: 28/80 [Pikel/whip of flaming (6)]
  2363 | D:6      | Killed Pikel
  2363 | D:6      | Reached XP level 9. HP: 45/88 MP: 8/8
  2604 | D:6      | Noticed Duvessa
  2605 | D:6      | Noticed Dowan
  2618 | D:6      | Killed Duvessa
  2618 | D:6      | Reached skill level 9 in Unarmed Combat
  2620 | D:6      | Killed Dowan
  2780 | D:7      | HP: 35/89 [wight/flail (10)]
  2793 | D:7      | HP: 32/89 [bullfrog (3)]
  2800 | D:7      | HP: 30/89 [bullfrog (7)]
  2811 | D:7      | HP: 33/89 [bullfrog (2)]
  2817 | D:7      | HP: 30/89 [bullfrog (2)]
  2827 | D:7      | HP: 32/89 [bullfrog (1)]
  2838 | D:6      | HP: 33/89 [bullfrog (6)]
  2843 | D:6      | HP: 29/89 [hippogriff (8)]
  2844 | D:6      | HP: 10/89 [hippogriff (7)]
  2847 | D:6      | Slain by a hippogriff

Vault maps used:
D:1:      dpeg_arrival_tiny_c, st_stairs_3
D:2:      lemuel_coloured_pillars_altar
D:3:      first_ration, serial_park_tiny_2, minmay_misc_feat_doors, bloody_trog
D:4:      cheibriados_altar_1, old_standard_altar, temple_green,
          grunt_qazlal_sundering
D:5:      cheibrodos_sewer_entry_drain, nicolae_ru_great_annihilating_truth
D:6:      lemuel_doored_altar, makhleb_grotto_becter, uniq_duvessa, uniq_pikel
D:7:      st_stairs_7, uniq_crazy_yiuf_cottage

Skill      XL: |  1  2  3  4  5  6  7  8  9 |
---------------+----------------------------+-----
Fighting       | 3 4 5 |  5.9
Shields        | 3 4 5 |  5.9
Unarmed Combat | 3 4 5 7 8 9 |  9.4
Dodging        | |  2.4

Action                   |  1- 3 |  4- 6 |  7- 9 || total
-------------------------+-------+-------+-------++-------
Melee: Unarmed           |    70 |    62 |   146 ||   278
  Use: Potion            |       |     1 |     3 ||     4
       Scroll            |       |       |     8 ||     8
  Eat: Chunk             |     9 |     5 |    16 ||    30
Armor: Robe              |    29 |     9 |    48 ||    86
Dodge: Dodged            |    26 |    13 |    49 ||    88
Block: Shield            |    37 |    14 |    99 ||   150

Table legend:
 A = Spawn XP
 B = Non-spawn XP
 C = Spawn XP percentage of total XP
 D = Spawn monster count
 E = Non-spawn monster count
 F = Spawn count percentage of total count
 G = Total turns spent on level
                    A         B        C        D         E        F      G
               +---------+---------+-------+---------+---------+-------+---------
         Total |       0 |    3920 |   0.0 |       0 |      81 |   0.0 |  2847
               +---------+---------+-------+---------+---------+-------+---------
           D:1 |       0 |      24 |   0.0 |       0 |      14 |   0.0 |   449
           D:2 |       0 |     126 |   0.0 |       0 |       7 |   0.0 |   252
           D:3 |       0 |       3 |   0.0 |       0 |       1 |   0.0 |    52
           D:4 |       0 |     411 |   0.0 |       0 |      12 |   0.0 |   561
           D:5 |       0 |    1160 |   0.0 |       0 |      14 |   0.0 |   646
           D:6 |       0 |    2035 |   0.0 |       0 |      30 |   0.0 |   804
           D:7 |       0 |     161 |   0.0 |       0 |       3 |   0.0 |    83
               +---------+---------+-------+---------+---------+-------+---------
